TOP OF THE 1ST |
Tampa Bay Rays batting - Pitching for Los Angeles Angels : RHP Sonny Gray
|
Pitching: RHP Sonny Gray
|
|
Batting: LHB Adam Frazier
|
0-0: Ball 1-0: Ground out 5-3 (Groundball, 5L, EV 79.4 MPH)
|
Batting: RHB Myles Straw
|
0-0: Ball 1-0: Fly out, F6 (Line Drive, 4M, EV 73.1 MPH)
|
Batting: LHB J.P. Crawford
|
0-0: Ball 1-0: Foul Ball, location: 23F 1-1: Foul Ball, location: 5DF 1-2: Ball 2-2: Ground out U3 (Groundball, 34, EV 84.4 MPH)
|
Top of the 1st over - 0 runs, 0 hits, 0 errors, 0 left on base; Tampa Bay 0 - Los Angeles 0 |
BOTTOM OF THE 1ST |
Los Angeles Angels batting - Pitching for Tampa Bay Rays : RHP Casey Legumina
|
Pitching: RHP Casey Legumina
|
|
Batting: RHB Samad Taylor
|
0-0: Called Strike 0-1: Called Strike 0-2: Ball 1-2: Ball 2-2: Fly out, F7 (Flyball, 7LM, EV 90.6 MPH)
|
Batting: RHB Nico Hoerner
|
0-0: Ground out U3 (Groundball, 34, EV 78.8 MPH)
|
Batting: LHB Gavin Sheets
|
0-0: Called Strike 0-1: Foul Ball, location: 2F 0-2: Foul Ball, location: 23F 0-2: Foul Ball, location: 7LDF 0-2: Strikes out swinging
|
Bottom of the 1st over - 0 runs, 0 hits, 0 errors, 0 left on base; Tampa Bay 0 - Los Angeles 0 |
TOP OF THE 2ND |
Tampa Bay Rays batting - Pitching for Los Angeles Angels : RHP Sonny Gray
|
Batting: RHB Matt Chapman
|
0-0: Called Strike 0-1: Foul Ball, location: 2F 0-2: Ball 1-2: Ground out 6-3 (Groundball, 6, EV 110.6 MPH)
|
Batting: LHB Mike Yastrzemski
|
0-0: Foul Ball, location: 2F 0-1: Foul Ball, location: 5DF 0-2: Foul Ball, location: 2F 0-2: Ball 1-2: Ball 2-2: Ball 3-2: Base on Balls
|
Batting: RHB Andy Pages
|
0-0: Ball 1-0: Called Strike 1-1: Fly out, F3 (Popup, 23F, EV 78.1 MPH)
|
Batting: LHB Brandon Belt
|
0-0: Swinging Strike 0-1: Swinging Strike 0-2: Foul Ball, location: 7LMF 0-2: Strikes out swinging
|
Top of the 2nd over - 0 runs, 0 hits, 0 errors, 1 left on base; Tampa Bay 0 - Los Angeles 0 |
BOTTOM OF THE 2ND |
Los Angeles Angels batting - Pitching for Tampa Bay Rays : RHP Casey Legumina
|
Batting: LHB Bryson Stott
|
0-0: Ball 1-0: Foul Ball, location: 23F 1-1: Ball 2-1: Swinging Strike 2-2: Ground out 4-3 (Groundball, 4, EV 99.4 MPH)
|
Batting: RHB Brennen Davis
|
0-0: Foul Ball, location: 2F 0-1: SINGLE (Line Drive, 6D, EV 101.3 MPH)
|
Batting: LHB Joey Wendle
|
0-0: Called Strike 0-1: Called Strike 0-2: Fly out, F6 (Popup, 6, EV 61.3 MPH)
|
Batting: RHB Ke'Bryan Hayes
|
0-0: Called Strike 0-1: Called Strike Brennen Davis is caught stealing 2nd base 2-4
|
Bottom of the 2nd over - 0 runs, 1 hit, 0 errors, 0 left on base; Tampa Bay 0 - Los Angeles 0 |
TOP OF THE 3RD |
Tampa Bay Rays batting - Pitching for Los Angeles Angels : RHP Sonny Gray
|
Batting: SHB Ivan Castillo
|
0-0: Called Strike 0-1: Ball 1-1: Foul Ball, location: 2F 1-2: Ball 2-2: Foul Ball, location: 25F 2-2: Ground out 4-3 (Groundball, P, EV 78.8 MPH)
|
Batting: RHB Austin Hedges
|
0-0: Ball 1-0: Called Strike 1-1: SOLO HOME RUN (Flyball, 78XD, EV 100.0 MPH), Distance : 400 ft
|
Batting: LHB Adam Frazier
|
0-0: Ball 1-0: Fly out, F6 (Line Drive, 6, EV 70.6 MPH)
|
Batting: RHB Myles Straw
|
0-0: Ball 1-0: Called Strike 1-1: Ball 2-1: Foul Ball, location: 23FF 2-2: Ball 3-2: Foul Ball, location: 9LDF 3-2: Base on Balls
|
Batting: LHB J.P. Crawford
|
0-0: Called Strike Myles Straw steals 2nd base (no throw) 0-1: Called Strike 0-2: Foul Ball, location: 23F 0-2: Ball 1-2: Foul Ball, location: 2F 1-2: Foul Ball, location: 23FF 1-2: Ball 2-2: Ball 3-2: Fly out, F8 (Flyball, 8LM, EV 94.4 MPH)
|
Top of the 3rd over - 1 run, 1 hit, 0 errors, 1 left on base; Tampa Bay 1 - Los Angeles 0 |
BOTTOM OF THE 3RD |
Los Angeles Angels batting - Pitching for Tampa Bay Rays : RHP Casey Legumina
|
Batting: RHB Ke'Bryan Hayes
|
0-0: Ground out 4-3 (Groundball, 4, EV 102.5 MPH)
|
Batting: RHB Devlin Granberg
|
0-0: SINGLE (Groundball, 13, EV 65.6 MPH) (infield hit)
|
Batting: RHB Kevin Parada
|
0-0: Called Strike 0-1: Ball 1-1: Ball 2-1: Swinging Strike 2-2: Ball 3-2: Fly out, F8 (Flyball, 8RS, EV 80.6 MPH)
|
Batting: RHB Samad Taylor
|
0-0: Foul Ball, location: 7LMFF 0-1: DOUBLE (Flyball, 8LXD, EV 101.3 MPH) Devlin Granberg to third Runner from 3rd tries for Home, SAFE, throw by CF to trailing runner, SAFE at third!
|
Batting: RHB Nico Hoerner
|
0-0: Ball 1-0: Called Strike 1-1: Ground out 6-3 (Groundball, 6, EV 84.4 MPH)
|
Bottom of the 3rd over - 1 run, 2 hits, 0 errors, 1 left on base; Tampa Bay 1 - Los Angeles 1 |
TOP OF THE 4TH |
Tampa Bay Rays batting - Pitching for Los Angeles Angels : RHP Sonny Gray
|
Batting: RHB Matt Chapman
|
0-0: Fly out, F5 (Popup, 5F, EV 60.6 MPH)
|
Batting: LHB Mike Yastrzemski
|
0-0: Ball 1-0: Ball 2-0: Ball 3-0: Base on Balls
|
Batting: RHB Andy Pages
|
0-0: Ball 1-0: Ball 2-0: Called Strike 2-1: Foul Ball, location: 2F 2-2: Ball 3-2: Foul Ball, location: 5FF 3-2: Strikes out swinging
|
Batting: LHB Brandon Belt
|
0-0: Foul Ball, location: 2F 0-1: Called Strike 0-2: Ball 1-2: Strikes out swinging
|
Top of the 4th over - 0 runs, 0 hits, 0 errors, 1 left on base; Tampa Bay 1 - Los Angeles 1 |
BOTTOM OF THE 4TH |
Los Angeles Angels batting - Pitching for Tampa Bay Rays : RHP Casey Legumina
|
Batting: LHB Gavin Sheets
|
0-0: Foul Ball, location: 2F 0-1: Ball 1-1: Ball 2-1: Ball 3-1: Ground out 5-3 (Groundball, 5, EV 81.3 MPH)
|
Batting: LHB Bryson Stott
|
0-0: Ground out U3 (Groundball, 3S, EV 66.3 MPH)
|
Batting: RHB Brennen Davis
|
0-0: Foul Ball, location: 2F 0-1: Ball 1-1: Fly out, F9 (Flyball, 9LS, EV 87.5 MPH)
|
Bottom of the 4th over - 0 runs, 0 hits, 0 errors, 0 left on base; Tampa Bay 1 - Los Angeles 1 |
TOP OF THE 5TH |
Tampa Bay Rays batting - Pitching for Los Angeles Angels : RHP Sonny Gray
|
Batting: SHB Ivan Castillo
|
0-0: Foul Ball, location: 2F 0-1: Ball 1-1: Fly out, F8 (Line Drive, 8LM, EV 91.9 MPH)
|
Batting: RHB Austin Hedges
|
0-0: Ground out 6-3 (Groundball, 6, EV 100.0 MPH)
|
Batting: LHB Adam Frazier
|
0-0: Ball 1-0: Called Strike 1-1: Called Strike 1-2: Ground out 4-3 (Groundball, 4, EV 101.3 MPH)
|
Top of the 5th over - 0 runs, 0 hits, 0 errors, 0 left on base; Tampa Bay 1 - Los Angeles 1 |
BOTTOM OF THE 5TH |
Los Angeles Angels batting - Pitching for Tampa Bay Rays : RHP Casey Legumina
|
Batting: LHB Joey Wendle
|
0-0: DOUBLE (Line Drive, 78M, EV 105.0 MPH)
|
Batting: RHB Ke'Bryan Hayes
|
0-0: Foul Ball, location: 3SF 0-1: Swinging Strike 0-2: Ball 1-2: Strikes out looking
|
Batting: RHB Devlin Granberg
|
0-0: Ball 1-0: Ball 2-0: Called Strike 2-1: Fly out, F9 (Line Drive, 89M, EV 98.1 MPH)
|
Batting: RHB Kevin Parada
|
0-0: Fly out, F7 (Flyball, 7S, EV 86.9 MPH)
|
Bottom of the 5th over - 0 runs, 1 hit, 0 errors, 1 left on base; Tampa Bay 1 - Los Angeles 1 |
TOP OF THE 6TH |
Tampa Bay Rays batting - Pitching for Los Angeles Angels : RHP Sonny Gray
|
Batting: RHB Myles Straw
|
0-0: Ball 1-0: Ball 2-0: Ball 3-0: Called Strike 3-1: Fly out, F9 (Line Drive, 9S, EV 103.8 MPH)
|
Batting: LHB J.P. Crawford
|
0-0: Ball 1-0: Called Strike 1-1: Ball 2-1: Ball 3-1: Base on Balls
|
Pitching: RHP Edward Cabrera
|
|
Batting: RHB Matt Chapman
|
0-0: Swinging Strike 0-1: Ball 1-1: Fielders Choice at 2nd, 6-4 (Groundball, 6, EV 103.8 MPH)
|
Batting: LHB Mike Yastrzemski
|
0-0: Fly out, F7 (Flyball, 7, EV 94.4 MPH)
|
Top of the 6th over - 0 runs, 0 hits, 0 errors, 1 left on base; Tampa Bay 1 - Los Angeles 1 |
BOTTOM OF THE 6TH |
Los Angeles Angels batting - Pitching for Tampa Bay Rays : RHP Casey Legumina
|
Batting: RHB Samad Taylor
|
0-0: Ball 1-0: Ground out 6-3 (Groundball, 6, EV 105.6 MPH)
|
Batting: RHB Nico Hoerner
|
0-0: Foul Ball, location: 3FF 0-1: Ground out 6-3 (Groundball, 6M, EV 85.0 MPH)
|
Batting: LHB Gavin Sheets
|
0-0: Ball 1-0: Called Strike 1-1: Ball 2-1: Ball 3-1: Base on Balls
|
Batting: LHB Bryson Stott
|
0-0: Foul Ball, location: 9LMFF 0-1: Swinging Strike 0-2: Ball 1-2: Ball 2-2: Foul Ball, location: 7LDF 2-2: Strikes out swinging
|
Bottom of the 6th over - 0 runs, 0 hits, 0 errors, 1 left on base; Tampa Bay 1 - Los Angeles 1 |
TOP OF THE 7TH |
Tampa Bay Rays batting - Pitching for Los Angeles Angels : RHP Edward Cabrera
|
Batting: SHB Robbie Grossman
|
0-0: Ball 1-0: Called Strike 1-1: Foul Ball, location: 25F 1-2: Foul Ball, location: 9LSFF 1-2: Ball 2-2: Fly out, F9 (Flyball, 9D, EV 108.8 MPH)
|
Pitching: LHP Emilio Marquez
|
|
Batting: LHB Brandon Belt
|
0-0: Ball 1-0: Ball 2-0: Called Strike 2-1: Foul Ball, location: 7LSF 2-2: Ball 3-2: Strikes out looking
|
Batting: SHB Ivan Castillo
|
0-0: SINGLE (Line Drive, 8RS, EV 106.3 MPH)
|
Batting: RHB Austin Hedges
|
0-0: Ball 1-0: Ball 2-0: Swinging Strike 2-1: Swinging Strike 2-2: Ball 3-2: Foul Ball, location: 7LDF 3-2: Foul Ball, location: 3F 3-2: Base on Balls Ivan Castillo to second
|
Pinch Hitting: RHB Diego Castillo
|
0-0: Fly out, F9 (Flyball, 9, EV 81.3 MPH)
|
Top of the 7th over - 0 runs, 1 hit, 0 errors, 2 left on base; Tampa Bay 1 - Los Angeles 1 |
BOTTOM OF THE 7TH |
Los Angeles Angels batting - Pitching for Tampa Bay Rays : RHP Casey Legumina
|
Now in LF: Brett Phillips
|
|
Batting: RHB Brennen Davis
|
0-0: Swinging Strike 0-1: Ball 1-1: Foul Ball, location: 5FF 1-2: Ball 2-2: Strikes out looking
|
Pitching: RHP Zach Jackson
|
|
Batting: LHB Joey Wendle
|
0-0: Called Strike 0-1: Ground out 5-3 (Groundball, 56, EV 93.1 MPH)
|
Batting: RHB Ke'Bryan Hayes
|
0-0: Fly out, F5 (Popup, 56, EV 63.1 MPH)
|
Bottom of the 7th over - 0 runs, 0 hits, 0 errors, 0 left on base; Tampa Bay 1 - Los Angeles 1 |
TOP OF THE 8TH |
Tampa Bay Rays batting - Pitching for Los Angeles Angels : LHP Emilio Marquez
|
Pitching: LHP Trevor Rogers
|
|
Batting: RHB Myles Straw
|
0-0: Swinging Strike 0-1: Ball 1-1: Ball 2-1: Ball 3-1: Called Strike 3-2: Strikes out swinging
|
Batting: LHB J.P. Crawford
|
0-0: Swinging Strike 0-1: Fly out, F8 (Flyball, 8LD, EV 93.1 MPH)
|
Batting: RHB Matt Chapman
|
0-0: Ball 1-0: Ball 2-0: Called Strike 2-1: Ball 3-1: Base on Balls
|
Batting: LHB Mike Yastrzemski
|
0-0: Swinging Strike 0-1: Foul Ball, location: 2F 0-2: Ball 1-2: SINGLE (Groundball, 6, EV 88.1 MPH) Matt Chapman to second
|
Batting: SHB Robbie Grossman
|
0-0: Fly out, F7 (Flyball, 7, EV 95.0 MPH)
|
Top of the 8th over - 0 runs, 1 hit, 0 errors, 2 left on base; Tampa Bay 1 - Los Angeles 1 |
BOTTOM OF THE 8TH |
Los Angeles Angels batting - Pitching for Tampa Bay Rays : RHP Zach Jackson
|
Batting: RHB Devlin Granberg
|
0-0: Ball 1-0: Ball 2-0: SOLO HOME RUN (Flyball, 7D, EV 94.4 MPH), Distance : 365 ft
|
Batting: RHB Kevin Parada
|
0-0: Called Strike 0-1: Ground out 6-3 (Groundball, 6MD, EV 107.5 MPH)
|
Batting: RHB Samad Taylor
|
0-0: Ball 1-0: Swinging Strike 1-1: Called Strike 1-2: Strikes out swinging
|
Batting: RHB Nico Hoerner
|
0-0: Ball 1-0: Swinging Strike 1-1: SINGLE (Groundball, 34D, EV 97.5 MPH)
|
Batting: LHB Gavin Sheets
|
0-0: Ball Nico Hoerner steals 2nd base 1-0: Foul Ball, location: 2LF 1-1: Swinging Strike 1-2: DOUBLE (Flyball, 78XD, EV 106.3 MPH) Nico Hoerner scores
|
Pitching: LHP Wandy Peralta
|
|
Batting: LHB Bryson Stott
|
0-0: Ball 1-0: Called Strike 1-1: Ball 2-1: Swinging Strike 2-2: Strikes out swinging
|
Bottom of the 8th over - 2 runs, 3 hits, 0 errors, 1 left on base; Tampa Bay 1 - Los Angeles 3 |
TOP OF THE 9TH |
Tampa Bay Rays batting - Pitching for Los Angeles Angels : LHP Trevor Rogers
|
Pitching: RHP Spencer Arrighetti
|
|
Now at 1B: Wil Myers
|
|
Batting: LHB Brandon Belt
|
0-0: Called Strike 0-1: Ball 1-1: Swinging Strike 1-2: Strikes out swinging
|
Batting: SHB Ivan Castillo
|
0-0: Ball 1-0: Ball 2-0: Called Strike 2-1: DOUBLE (Line Drive, 9LD, EV 107.5 MPH)
|
Pinch Hitting: LHB Harold Castro
|
0-0: Ball 1-0: Foul Ball, location: 5F 1-1: Called Strike 1-2: Strikes out swinging
|
Batting: LHB Brett Phillips
|
0-0: Called Strike 0-1: Ball 1-1: Swinging Strike 1-2: Strikes out swinging
|
Top of the 9th over - 0 runs, 1 hit, 0 errors, 1 left on base; Tampa Bay 1 - Los Angeles 3 |
|